 Dungeon Crawl Stone Soup version 0.31-a0-246-g8cbcc1cb85 (webtiles) character file.

Game seed: 6094292135361974361

363 gruber the Trooper (level 6, -7/48 HPs)
             Began as a Demonspawn Shapeshifter on July 12, 2023.
             Killed by divine providence
             ... invoked by an orc priest
              (12 damage)
             ... on level 4 of the Dungeon.
             The game lasted 00:06:31 (4400 turns).

gruber the Trooper (Demonspawn Shapeshifter)        Turns: 4400, Time: 00:06:32

Health: -7/48      AC:  4    Str: 17    XL:     6   Next: 39%
Magic:  6/6        EV: 12    Int:  9    God:
Gold:   182        SH:  0    Dex: 14    Spells: 5/5 levels left

rFire   + + +        p - +6 short sword of Reak {flame, Will+ rCorr Stlth+}
rCold   + . .        (no shield)
rNeg    . . .        a - +0 animal skin
rPois   +            (helmet currently unavailable)
rElec   +            (cloak currently unavailable)
rCorr   +            (gloves currently unavailable)
SInv    .            (boots currently unavailable)
Will    +....        (no amulet)
Stlth   ++           n - ring of protection from fire
HPRegen 0.28/turn    o - ring of protection from fire
MPRegen 0.20/turn

%: no passive effects
@: beast-form, resistant, hasted, very quick
A: beast (slay +2), molten scales 1, magic regeneration, demonic touch 1
a: no special abilities


You were on level 4 of the Dungeon.
You were a hulking beast.
You visited 2 branches of the dungeon, and saw 5 of its levels.

You collected 182 gold pieces.

Inventory:

Hand Weapons
 p - the +6 short sword of Reak (weapon) {flame, Will+ rCorr Stlth+}
   (You found it on level 3 of the Dungeon)

   rCorr:     It protects you from acid and corrosion.
   Will:      It increases your willpower.
   Stlth:     It makes you more stealthy.
Missiles
 d - 21 poisoned darts (quivered)
Armour
 a - a +0 animal skin (worn)
Jewellery
 n - a ring of protection from fire (left hand)
 o - a ring of protection from fire (right hand)
Talismans
 c - a beast talisman
 i - a granite talisman
Scrolls
 e - 6 scrolls of identify {unknown}
 f - 2 scrolls of blinking {unknown}
 g - a scroll of fear {unknown}
 j - a scroll of noise {unknown}
 l - 3 scrolls of teleportation {unknown}
 m - a scroll of enchant armour {unknown}
 q - a scroll of amnesia {unknown}
 r - a scroll of enchant weapon {unknown}
Potions
 b - 3 potions of lignification
 t - a potion of resistance


   Skills:
 - Level 4.0 Fighting
 - Level 3.0 Short Blades
 - Level 1.7 Dodging
 - Level 3.5 Unarmed Combat
 * Level 3.2 Shapeshifting


You had 5 spell levels left.
You didn't know any spells.
Your spell library contained the following spells:

 Spells                   Type           Power      Damage    Failure   Level
 Summon Small Mammal      Summ           0%         N/A       38%         1
 Call Canine Familiar     Summ           0%         N/A       77%         3
 Summon Guardian Golem    Hex/Summ       0%         N/A       77%         3


Dungeon Overview and Level Annotations

Branches:
Dungeon (4/15)             Temple (1/1) D:4

Altars:
Cheibriados
Fedhas
Gozag
Hepliaklqana
Kikubaaqudgha
Makhleb
Nemelex Xobeh
Okawaru
Qazlal
Sif Muna
Uskayaw
Vehumet
Yredelemnul

Annotations:
D:2 1 runed translucent door, Crazy Yiuf
D:4 3 runed translucent doors, Gruesome's ghost, amateur OpEE


Innate Abilities, Weirdness & Mutations

You are a hulking beast.
Your limbs bulge with bestial killing power. (Slay +2)
You are partially covered in molten scales. (AC +2)
You regenerate magic rapidly.
Your touch may inflict minor irresistible damage on your foes.


Message History

You hit the bullfrog. You burn the bullfrog.
You touch the bullfrog!
The bullfrog is severely wounded.
The bullfrog barely misses you.
You barely miss the bullfrog.
You touch the bullfrog.
The bullfrog is almost dead.
The bullfrog misses you.
The orc priest mumbles some strange prayers to Beogh against you.
Beogh smites you! The bullfrog hits you.
You barely miss the bullfrog.
The bullfrog is almost dead.
The orc priest mumbles some strange prayers to Beogh against you.
Beogh smites you!
* * * LOW HITPOINT WARNING * * *
An adder comes into view.
The bullfrog hits you.
* * * LOW HITPOINT WARNING * * *
Unknown command.
It was a potion of resistance.
You feel protected. The bullfrog closely misses you. The bullfrog hits you.
* * * LOW HITPOINT WARNING * * *
It was a potion of curing.
You feel better. The bullfrog hits you.
* * * LOW HITPOINT WARNING * * *
It was a potion of haste.
You feel yourself speed up. The bullfrog barely misses you. x2
You puncture the bullfrog! You burn the bullfrog.
You kill the bullfrog!
The orc priest mumbles some strange prayers to Beogh against you.
Something writhes in agony.
Your Shapeshifting skill increases to level 3!
Unknown command.
It was a potion of magic.
Magic courses through your body. Something hits you.
* * * LOW HITPOINT WARNING * * *
Okay, then.
You hit something. You burn something. You hit something. You burn something.
Something hits you.
* * * LOW HITPOINT WARNING * * *
The orc priest mumbles some strange prayers to Beogh against you.
Beogh smites you!
You die...

... ..#..#.#####..#.##
#.####.##.#.#......#...
.S..#.#...........#...
#ho#.#..#.#......##..
###o##'#.##.#.#####).....
...o....o#....# ##.#....
###.##'#h#########.###.##
'..#†# #...<#..# #.#..#h#
#..##.#.# ##.####.###
#...)...# ..........#
#..#..#.# #########.#
#..#.##.## #..#
#......÷..
##.######.##.##)#.
#......##.......#.
#.#.##.##.......#.
#....#.##.##..#.##


You could see a black bear and an orc priest.

Vanquished Creatures
  A bullfrog (D:4)
  3 orc priests
  An orc wizard (D:4)
  A mummy (D:4)
  3 gnolls (D:2)
  4 adders
  An ufetubus (D:4)
  2 dart slugs
  14 orcs
  5 bats
  9 endoplasms
  5 hobgoblins
  4 jackals (D:3)
  4 quokkas (D:1)
  5 ball pythons
  3 frilled lizards (D:1)
  7 goblins
  8 kobolds
  A kobold zombie (D:4)
  3 orc zombies (D:4)
  3 rats
87 creatures vanquished.

Notes
Turn   | Place    | Note
-------+----------+-------------------------------------------
     0 | D:1      | gruber the Demonspawn Shapeshifter began the quest for the
                  | Orb.
     0 | D:1      | Reached XP level 1. HP: 16/16 MP: 1/1
   121 | D:1      | Gained mutation: You are partially covered in molten
                  | scales. (AC +2) [demonic ancestry]
   121 | D:1      | Reached XP level 2. HP: 19/23 MP: 2/2
   170 | D:1      | Reached skill level 3 in Fighting
  1036 | D:1      | Gained mutation: Your touch may inflict minor irresistible
                  | damage on your foes. [demonic ancestry]
  1036 | D:1      | Reached XP level 3. HP: 27/29 MP: 3/3
  1314 | D:2      | Found a faded altar of an unknown god.
  1395 | D:2      | Reached skill level 4 in Fighting
  1494 | D:2      | Gained mutation: You regenerate magic rapidly. [demonic
                  | ancestry]
  1494 | D:2      | Reached XP level 4. HP: 27/37 MP: 4/4
  1887 | D:2      | Found a runed translucent door.
  1888 | D:2      | Noticed Crazy Yiuf
  2279 | D:3      | Found a hide-covered altar of Uskayaw.
  2357 | D:3      | Reached XP level 5. HP: 38/42 MP: 5/5
  2601 | D:3      | Identified the +6 short sword of Reak {flame, Will+ rCorr
                  | Stlth+}
  3185 | D:4      | Found a staircase to the Ecumenical Temple.
  3224 | D:4      | Reached skill level 1 in Short Blades
  3257 | Temple   | Entered the Ecumenical Temple
  3790 | D:4      | Found a basalt altar of Yredelemnul.
  3811 | D:4      | Found a runed translucent gate.
  3811 | D:4      | Found a runed translucent gate.
  3811 | D:4      | Found a runed translucent gate.
  3813 | D:4      | Found an opulent altar of Gozag.
  3816 | D:4      | Noticed Gruesome's ghost (amateur OpEE)
  4013 | D:4      | Reached XP level 6. HP: 18/48 MP: 6/6
  4400 | D:4      | Killed from afar by an orc priest

Illustrated notes

Levels and vault maps discovered:
D:1:      dpeg_arrival_signposts, layout_basic
D:2:      layout_loops_cross, chequers_ecumenical_altar_simple_redux,
          uniq_crazy_yiuf_cottage
D:3:      layout_basic, overflow_temple_1_default, chequers_mini_garden,
          chequers_serial_rivers_large_a, corexii_hall_statues_x
D:4:      minmay_door_path, layout_loops_cross, yredelemnul_altar_generic,
          temple_fountains, ebering_ghost_gozag, minmay_mini_ossuary
Temple:   minmay_temple_forest_path

Skill      XL: |  1  2  3  4  5  6 |
---------------+-------------------+-----
Fighting       | 3 4 |  4.0
Unarmed Combat | 2 3 |  3.5
Short Blades   | 3 |  3.0
Shapeshifting  | 3 |  3.2
Dodging        | |  1.7

Action                     |  1- 3 |  4- 6 || total
---------------------------+-------+-------++-------
  Melee: Unarmed           |   114 |    39 ||   153
         Touch             |     5 |    21 ||    26
         Short sword       |       |    66 ||    66
    Use: Potion            |       |     4 ||     4
   Stab: Sleeping          |     1 |     3 ||     4
 Armour: Animal skin       |    17 |    29 ||    46
  Dodge: Dodged            |    66 |    51 ||   117

Table legend: (Time is in decaauts)
 A = Elapsed time spent in this place.
 B = Non-inter-level travel time spent in this place.
 C = Inter-level travel time spent in this place.
 D = Time resting spent in this place.
 E = Time spent auto-exploring this place.
 F = Levels seen in this place.
 G = Mean time per level.
                   A        B        C        D        E       F      G
               +--------+--------+--------+--------+--------+-----+--------+
         Total |   4394 |   4184 |    210 |      0 |   3629 |   5 |  878.8 |
       Dungeon |   3955 |   3784 |    171 |      0 |   3240 |   4 |  988.8 |
        Temple |    438 |    400 |     38 |      0 |    389 |   1 |  438.0 |
               +--------+--------+--------+--------+--------+-----+--------+

Top non-repeatable levels by time:
     D:1: 1263 daAuts
     D:3: 958 daAuts
     D:2: 932 daAuts
     D:4: 801 daAuts
  Temple: 438 daAuts
